 Dungeon Crawl Stone Soup version 0.19.1-1-g22dce08 (webtiles) character file.

641 somonday the Magician (level 7, 0/46 HPs)
             Began as a Mummy Wizard on Jan 18, 2017.
             Slain by an orc priest
             ... wielding a +0 flail
              (9 damage)
             ... on level 4 of the Dungeon.
             The game lasted 00:36:22 (9676 turns).

somonday the Magician (Mummy Wizard)                Turns: 9676, Time: 00:36:23

Health: 0/46       AC:  4    Str: 11    XL:     7   Next: 26%
Magic:  4/15       EV: 12    Int: 23    God:
Gold:   156        SH:  0    Dex: 10    Spells: 3 memorised, 11 levels left

rFire  x . .     SeeInvis .     p - +0 dire flail (protect)
rCold  + . .     Gourm    .     a - +0 robe
rNeg   + + +     Faith    .     (shield currently unavailable)
rPois  ∞         Spirit   .     b - +0 hat
rElec  .         Reflect  .     (no cloak)
rCorr  .         Harm     .     (no gloves)
MR     .....                    (no boots)
Stlth  ++........               (no amulet)
                                n - +4 ring of intelligence
                                d - +2 ring of protection

@: no status effects
A: no food or potions, fire vulnerability, cold resistance 1, negative energy
resistance 3, torment resistance, unbreathing
a: no special abilities


You were on level 4 of the Dungeon.
You were not hungry.

You visited 1 branch of the dungeon, and saw 5 of its levels.

You collected 156 gold pieces.

Inventory:

Hand Weapons
 e - a +0 dagger
 m - a +0 falchion
 p - a +0 dire flail of protection (weapon)
Armour
 a - a +0 robe (worn)
 b - a +0 hat (worn)
Jewellery
 d - a +2 ring of protection (left hand)
 i - an uncursed ring of resist corrosion
 n - a +4 ring of intelligence (right hand)
Wands
 l - a wand of digging (7/24)
Scrolls
 f - a scroll of noise {unknown}
 g - a scroll of teleportation {unknown}
 h - a scroll of remove curse {unknown}
 j - a scroll of immolation {unknown}
 k - 2 scrolls of identify {unknown}
 o - a scroll of enchant armour {unknown}
Books
 c - a book of Minor Magic

   Spells                             Type                      Level
   a - Magic Dart                     Conjuration                  1
   b - Blink                          Translocation                2
   c - Call Imp                       Summoning                    2
   d - Repel Missiles                 Charms/Air                   2
   e - Slow                           Hexes                        2
   f - Conjure Flame                  Conjuration/Fire             3
   g - Mephitic Cloud                 Conjuration/Poison/Air       3


   Skills:
 - Level 1.0 Long Blades
 - Level 0.1 Maces & Flails
 - Level 1.5 Dodging
 - Level 1.5 Stealth
 + Level 5.5 Spellcasting
 - Level 4.1 Conjurations
   Level 0.7 Summonings
 - Level 2.0 Translocations
 - Level 0.1 Air Magic
 - Level 0.4 Evocations


You had 11 spell levels left.
You knew the following spells:

 Your Spells              Type           Power        Failure   Level  Hunger
a - Magic Dart            Conj           ####         1%          1    N/A
b - Mephitic Cloud        Conj/Pois/Air  ##......     17%         3    N/A
c - Blink                 Tloc           N/A          10%         2    N/A

Dungeon Overview and Level Annotations

Branches:
Dungeon (5/15)
 Temple: D:4-7

Altars:

Shops:
D:4 (

Annotations:
D:3 theAP's ghost, amateur GrFi
D:4 Alarkh's ghost, amateur DrMo


Innate Abilities, Weirdness & Mutations

You do not eat or drink.
Your flesh is vulnerable to fire.
You are immune to poison.
Your flesh is cold resistant. (rC+)
You are immune to negative energy. (rN+++)
You are immune to unholy pain and torment.
You can survive without breathing.


Message History

The orc priest is moderately wounded.
You hit the orc priest but do no damage.
The orc priest is moderately wounded.
The orc priest hits you with a flail!
* * * LOW HITPOINT WARNING * * *
You barely miss the orc priest.
The orc priest is moderately wounded.
You hit the orc priest but do no damage.
The orc priest is moderately wounded.
You hit the orc priest.
The orc priest is heavily wounded.
You barely miss the orc priest.
The orc priest is heavily wounded.
The orc priest barely misses you.
You barely miss the orc priest.
The orc priest is heavily wounded.
You barely miss the orc priest.
The orc priest is heavily wounded.
The orc priest hits you with a flail!
You die...

#...#..#...#
##..........#
.###..#......#..
................
#..............
#....#o[....#..
#.........[# #
#...#..#...#
#.###@.......##
#...)o.....###
############


You could see an orc priest (confused) and an orc wizard (confused).

Vanquished Creatures
  An ogre (D:4)
  Blork the orc (D:4)
  A howler monkey (D:4)
  An orc priest (D:3)
  An orc wizard (D:4)
  Ijyb (D:2)
  Natasha (thrice) (D:2)
  3 worker ants
  7 gnolls
  6 adders
  2 worms (D:2)
  4 dart slugs
  3 leopard geckos
  9 orcs
  13 goblins
  13 hobgoblins
  3 jackals (D:1)
  12 kobolds
  3 quokkas
  3 ball pythons
  6 bats
  3 frilled lizards
  10 rats
109 creatures vanquished.

Notes
Turn   | Place    | Note
-------+----------+-------------------------------------------
     0 | D:1      | somonday the Mummy Wizard began the quest for the Orb.
     0 | D:1      | Reached XP level 1. HP: 13/13 MP: 4/4
    83 | D:1      | Reached skill level 1 in Conjurations
   294 | D:1      | Reached XP level 2. HP: 17/19 MP: 1/6
   786 | D:1      | Reached XP level 3. HP: 24/24 MP: 4/7
  3763 | D:1      | Learned a level 3 spell: Mephitic Cloud
  3766 | D:1      | Learned a level 2 spell: Blink
  4862 | D:1      | Noticed a kobold demonologist
  4866 | D:1      | Noticed a soul eater
  5078 | D:2      | Noticed Natasha
  5085 | D:2      | Killed Natasha
  5085 | D:2      | Reached XP level 4. HP: 20/30 MP: 0/8
  5147 | D:2      | Noticed Natasha
  5153 | D:2      | Killed Natasha
  5540 | D:2      | Noticed Natasha
  5547 | D:2      | Killed Natasha
  5547 | D:2      | Reached XP level 5. HP: 35/35 MP: 1/9
  5719 | D:2      | Noticed Ijyb
  5873 | D:2      | Killed Ijyb
  5873 | D:2      | Reached skill level 1 in Translocations
  6681 | D:3      | Noticed theAP's ghost (amateur GrFi)
  7087 | D:3      | Reached skill level 1 in Long Blades
  7949 | D:3      | Reached XP level 6. HP: 41/41 MP: 5/10
  8259 | D:4      | Noticed Blork the orc
  8312 | D:5      | Entered Level 5 of the Dungeon
  8776 | D:4      | Killed Blork the orc
  8776 | D:4      | Reached skill level 4 in Spellcasting
  9369 | D:4      | Reached XP level 7. HP: 42/46 MP: 7/14
  9421 | D:4      | Found Afaewnat's Antique Weapon Shoppe.
  9438 | D:4      | Noticed Alarkh's ghost (amateur DrMo)
  9588 | D:3      | Reached skill level 5 in Spellcasting
  9676 | D:4      | Slain by an orc priest

Skill      XL: |  1  2  3  4  5  6  7 |
---------------+----------------------+-----
Conjurations   | 1 2 3 4 |  4.1
Translocations | 2 |  2.0
Long Blades    | 1 |  1.0
Spellcasting   | 4 5 |  5.5
Maces & Flails | |  0.1
Dodging        | |  1.5
Stealth        | |  1.5
Summonings     | |  0.7
Air Magic      | |  0.1
Evocations     | |  0.4

Action                   |  1- 3 |  4- 6 |  7- 9 || total
-------------------------+-------+-------+-------++-------
Melee: Dagger            |    37 |   106 |       ||   143
       Falchion          |       |    52 |       ||    52
       Dire flail        |       |    25 |    20 ||    45
 Cast: Magic Dart        |    99 |   141 |     6 ||   246
       Mephitic Cloud    |       |    27 |     5 ||    32
       Blink             |       |     2 |     1 ||     3
 Stab: Confused          |       |    15 |     3 ||    18
Armor: Robe              |     9 |    25 |     5 ||    39
Dodge: Dodged            |    43 |    77 |     9 ||   129
       Rpst.: Falchion   |       |     9 |       ||     9
